 Dungeon Crawl Stone Soup version 0.30.2 (webtiles) character file.

Game seed: 15793178483139513327

163 Ashen the Trooper (level 5, -1/54 HPs)
             Began as an Ogre Warper on Jan 20, 2024.
             Slain by an iguana (12 damage)
             ... on level 4 of the Dungeon.
             The game lasted 00:05:04 (2801 turns).

Ashen the Trooper (Ogre Warper)                     Turns: 2801, Time: 00:05:04

Health: -1/54      AC:  4    Str: 15    XL:     5   Next: 44%
Magic:  9/9        EV: 10    Int: 16    God:
Gold:   228        SH:  0    Dex:  8    Spells: 0/10 levels left

rFire   + . .        a - +0 mace
rCold   . . .        (no shield)
rNeg    . . .        b - +0 robe
rPois   .            (helmet restricted)
rElec   .            f - +0 cloak
rCorr   .            (gloves unavailable)
SInv    .            (boots unavailable)
Will    .....        (no amulet)
Stlth   +            p - ring of protection from fire
HPRegen 0.29/turn    (no ring)
MPRegen 0.11/turn

%: no passive effects
@: no status effects
A: large, unfitting armour, tough skin 1
a: no special abilities


You were on level 4 of the Dungeon.
You visited 1 branch of the dungeon, and saw 4 of its levels.

You collected 228 gold pieces.

Inventory:

Hand Weapons
 a - a +0 mace (weapon)
Missiles
 d - 7 boomerangs of dispersal (quivered)
 k - 4 boomerangs
Armour
 b - a +0 robe (worn)
 f - a +0 cloak (worn)
Jewellery
 p - a ring of protection from fire (left hand)
Scrolls
 c - a scroll of blinking
 e - 2 scrolls of identify {unknown}
 h - a scroll of silence {unknown}
 i - 2 scrolls of fog {unknown}
 j - a scroll of enchant armour {unknown}
 q - a scroll of amnesia {unknown}
Potions
 g - a potion of heal wounds {unknown}
 l - 2 potions of lignification {unknown}
 m - a potion of brilliance {unknown}
 n - a potion of haste {unknown}
 o - a potion of curing {unknown}


   Skills:
 + Level 4.0 Fighting
 + Level 2.4 Maces & Flails
 - Level 1.0 Throwing
 + Level 2.8 Dodging
 + Level 1.5 Stealth
 + Level 3.2 Spellcasting
 + Level 3.1 Translocations


You couldn't memorise any spells.
You knew the following spells:

 Your Spells              Type           Power      Damage    Failure   Level
a - Blink                 Tloc           24%        N/A       8%          2
b - Lesser Beckoning      Tloc           24%        N/A       8%          2
c - Teleport Other        Tloc           12%        N/A       16%         3
d - Vhi's Electric Charg  Tloc/Air       14%        N/A       28%         3

Your spell library contained the following spells:

 Spells                   Type           Power      Damage    Failure   Level
 Manifold Assault         Tloc           12%        N/A       45%         4


Dungeon Overview and Level Annotations

Branches:
Dungeon (4/15)
 Temple: D:4-7

Altars:
Dithmenos
Hepliaklqana
Nemelex Xobeh
Qazlal

Shops:
D:2 :

Annotations:
D:4 Eustachio


Innate Abilities, Weirdness & Mutations

You are too large for most types of armour.
You have tough skin. (AC +1)


Message History

You hit the iguana but do no damage. The iguana bites you!
The iguana bites you but does no damage.
You barely miss the iguana. The iguana bites you!
You thump the iguana!
The iguana is heavily wounded.
The iguana misses you.
You closely miss the iguana.
The iguana is heavily wounded.
The iguana barely misses you.
You hit the iguana but do no damage.
The iguana is heavily wounded.
The iguana bites you. x2
You hit the iguana but do no damage.
The iguana is heavily wounded.
The iguana closely misses you.
You hit the iguana but do no damage.
The iguana is heavily wounded.
The iguana bites you.
You are too injured to fight recklessly!
You are too injured to fight recklessly!
You are too injured to fight recklessly!
The iguana bites you.
You see here 13 gold pieces.
The iguana bites you!
* * * LOW HITPOINT WARNING * * *
You hit the iguana but do no damage.
The iguana is moderately wounded.
The iguana bites you.
* * * LOW HITPOINT WARNING * * *
The iguana misses you.
You closely miss the iguana.
The iguana is moderately wounded.
The iguana barely misses you.
You hit the iguana but do no damage.
The iguana is moderately wounded.
The iguana closely misses you.
You hit the iguana.
The iguana is severely wounded.
The iguana bites you!
You die...

#.?.... #.#
##.#...## #.#
..).....######.#
...............#
........########
........########
........:.......
......>)$l......
......$.@.......
.......(........
................
...####.........
... #.........
.. #.........
##########


You could see an iguana.

Vanquished Creatures
  A howler monkey (D:3)
  A hound (D:4)
  2 adders
  2 worms (D:3)
  A dart slug (D:3)
  3 orcs
  2 endoplasms
  A giant cockroach (D:1)
  5 goblins
  10 hobgoblins
  7 jackals (D:1)
  7 kobolds
  2 quokkas
  6 ball pythons
  4 bats
  4 frilled lizards
  5 rats
63 creatures vanquished.

Notes
Turn   | Place    | Note
-------+----------+-------------------------------------------
     0 | D:1      | Ashen the Ogre Warper began the quest for the Orb.
     0 | D:1      | Reached XP level 1. HP: 22/22 MP: 3/3
   165 | D:1      | Reached XP level 2. HP: 21/29 MP: 3/5
   326 | D:1      | Reached skill level 3 in Fighting
   672 | D:1      | Reached XP level 3. HP: 37/37 MP: 7/7
   682 | D:1      | Learned a level 2 spell: Blink
   685 | D:1      | Learned a level 2 spell: Lesser Beckoning
   689 | D:1      | Learned a level 3 spell: Teleport Other
  1148 | D:2      | Found Asufadapt's Book Shoppe.
  1565 | D:2      | Reached skill level 1 in Stealth
  1650 | D:3      | Found a shadowy altar of Dithmenos.
  1672 | D:3      | Reached XP level 4. HP: 34/45 MP: 8/8
  1815 | D:3      | Found a sparkling altar of Nemelex Xobeh.
  2119 | D:3      | Reached XP level 5. HP: 45/54 MP: 9/9
  2156 | D:3      | Found a hazy altar of Hepliaklqana.
  2395 | D:3      | Found a stormy altar of Qazlal.
  2532 | D:4      | Noticed Eustachio
  2655 | D:3      | Learned a level 3 spell: Vhi's Electric Charge
  2786 | D:4      | Reached skill level 4 in Fighting
  2801 | D:4      | Slain by an iguana

Illustrated notes

Levels and vault maps discovered:
D:1:      minmay_arrival_widening_spiral_wide, layout_loops_corners,
          dreamdust_wishing_well, grunt_decor_cap,
          chequers_serial_rivers_micro_b
D:2:      layout_rooms, serial_shops, shop
D:3:      layout_loops_ring, mainiacjoe_overflow_paths,
          nicolae_dithmenos_through_a_glass_darkly,
          mainiacjoe_overflow_concentric_impassable,
          mainiacjoe_overflow_alcove_1
D:4:      layout_basic, minmay_temple_entry_slanted, uniq_eustachio

Skill      XL: |  1  2  3  4  5 |
---------------+----------------+-----
Fighting       | 3 4 |  4.0
Maces & Flails | 2 |  2.4
Stealth        | 1 |  1.5
Translocations | 3 |  3.1
Spellcasting   | 3 |  3.2
Throwing       | |  1.0
Dodging        | |  2.8

Action                     |  1- 3 |  4- 6 || total
---------------------------+-------+-------++-------
  Melee: Mace              |   147 |   114 ||   261
         Punch             |     2 |       ||     2
   Stab: Sleeping          |       |     2 ||     2
 Armour: Robe              |    60 |    39 ||    99
  Dodge: Dodged            |    73 |    58 ||   131
